 Dungeon Crawl Stone Soup version 0.29-a0-1027-gcd8c55af63 (webtiles) character file.

Game seed: 7193138108710965374

22918 drugrobin the Cleaver (level 12, 0/103 HPs)
             Began as a Demigod Gladiator on Aug 13, 2022.
             Slain by a two-headed hydra (8 damage)
             ... on level 1 of the Lair of Beasts.
             The game lasted 00:43:39 (18324 turns).

drugrobin the Cleaver (Demigod Gladiator)          Turns: 18324, Time: 00:43:40

Health: 0/103      AC: 31    Str: 27    XL:     12   Next: 35%
Magic:  15/15      EV:  6    Int: 14    God:
Gold:   475        SH:  0    Dex: 21    Spells: 11/11 levels left

rFire   . . .      SeeInvis +   L - +2 scimitar (flame)
rCold   . . .      Faith    .   (no shield)
rNeg    . . .      Spirit   .   x - +7 crystal plate armour "Miw Rodghu" {Slay+3}
rPois   .          Reflect  .   n - +0 helmet
rElec   .          Harm     .   (no cloak)
rCorr   .          Rampage  .   D - +2 pair of gloves
Will    +....                   (no boots)
Stlth   ..........              (no amulet)
HPRegen 0.27/turn               y - +6 ring of dexterity
MPRegen 0.14/turn               C - ring of see invisible

@: no status effects
A: high MP 1, forlorn, divine attributes
a: no special abilities


You were on level 1 of the Lair of Beasts.
You visited 2 branches of the dungeon, and saw 12 of its levels.
You also visited: Sewer, Ossuary and Bailey.

You collected 819 gold pieces.
You spent 344 gold pieces at shops.

Inventory:

Hand Weapons
 a - a +4 executioner's axe of venom
 d - a +0 war axe
 L - a +2 scimitar of flaming (weapon)
Missiles
 z - 17 poisoned darts
 M - 7 boomerangs (quivered)
Armour
 n - a +0 helmet (worn)
 x - the +7 crystal plate armour "Miw Rodghu" (worn) {Slay+3}
   (You acquired it on level 1 of the Dungeon)

   Slay:      It affects your accuracy & damage with ranged weapons and melee
   (+3).
 D - a +2 pair of gloves (worn)
Jewellery
 y - a +6 ring of dexterity (left hand)
 C - a ring of see invisible (right hand)
 V - a ring of willpower
Wands
 h - a wand of flame (10)
 v - a wand of paralysis (5)
 H - a wand of acid (5)
 O - a wand of roots (11)
 U - a wand of polymorph (6)
Scrolls
 b - a scroll of torment
 c - 4 scrolls of immolation
 o - 3 scrolls of vulnerability
 p - 6 scrolls of blinking
 r - 3 scrolls of poison
 s - 9 scrolls of teleportation
 u - 4 scrolls of silence
 J - 2 scrolls of summoning
 W - a scroll of magic mapping
 X - a scroll of fear
 Y - 3 scrolls of fog
Potions
 f - 4 potions of heal wounds
 g - 2 potions of ambrosia
 i - 7 potions of curing
 k - 3 potions of lignification
 w - a potion of resistance {unknown}
 A - a potion of haste
 I - a potion of might {unknown}
 K - a potion of berserk rage {unknown}
 N - a potion of invisibility {unknown}
 P - a potion of flight {unknown}
 Q - a potion of cancellation
Miscellaneous
 S - a box of beasts
 T - a lightning rod (4/4)


   Skills:
 + Level 8.6 Fighting
 * Level 14.1 Axes
 - Level 1.7 Throwing
 + Level 8.6 Armour
 - Level 2.6 Dodging
 + Level 7.3 Evocations


You had 11 spell levels left.
You didn't know any spells.
Your spell library contained the following spells:

 Spells                   Type           Power      Damage    Failure   Level
 Apportation              Tloc           0%         N/A       100%        1
 Magic Dart               Conj           0%         1d3       100%        1
 Sandblast                Erth           0%         2d4       100%        1
 Call Imp                 Summ           0%         N/A       100%        2
 Passwall                 Tmut/Erth      0%         N/A       100%        2
 Poisonous Vapours        Pois/Air       0%         N/A       100%        2
 Call Canine Familiar     Summ           0%         N/A       100%        3
 Mephitic Cloud           Conj/Pois/Air  0%         N/A       100%        3
 Portal Projectile        Hex/Tloc       0%         N/A       100%        3
 Stone Arrow              Conj/Erth      0%         3d7       100%        3
 Corpse Rot               Necr/Pois/Air  0%         N/A       100%        4
 Leda's Liquefaction      Hex/Erth       0%         N/A       100%        4
 Summon Ice Beast         Ice/Summ       0%         N/A       100%        4
 Alistair's Intoxication  Tmut/Pois      0%         N/A       100%        5
 Summon Forest            Summ/Tloc      0%         N/A       100%        5
 Summon Mana Viper        Hex/Summ       0%         N/A       100%        5
 Summon Cactus Giant      Summ           0%         N/A       100%        6
 Monstrous Menagerie      Summ           0%         N/A       100%        7
 Summon Hydra             Summ           0%         N/A       100%        7


Dungeon Overview and Level Annotations

Branches:
Dungeon (10/15)            Temple (0/1) D:4            Lair (2/5) D:9
  Sewer (visited)         Ossuary (visited)          Bailey (visited)
  Swamp: Lair:2-3    Shoals: Lair:2-3     Snake: Lair:2-3    Spider: Lair:2-3
    Orc: D:9-12

Shops:
D:1 (?*   D:5 =*   D:10 ?

Portals:
Abyss: D:6

Annotations:
D:6 2 transporters, ICEMaiden's ghost, novice DEHW


Innate Abilities, Weirdness & Mutations

You have an increased reservoir of magic. (+10% MP)
You shall have no god before yourself.
Your divine heritage dramatically boosts your attributes as you level up.


Message History

* * * LOW HITPOINT WARNING * * *
The four-headed hydra bites you but does no damage.
Unknown command.
Unknown command.
Unknown command.
Unknown command.
You lop one of the four-headed hydra's heads off!
The flame cauterises the wound!
You slash the three-headed hydra! You burn the three-headed hydra.
The three-headed hydra is severely wounded.
The three-headed hydra bites you but does no damage. x2
The three-headed hydra bites you.
* * * LOW HITPOINT WARNING * * *
The three-headed hydra bites you but does no damage.
The three-headed hydra bites you.
* * * LOW HITPOINT WARNING * * *
The three-headed hydra bites you.
* * * LOW HITPOINT WARNING * * *
Unknown command.
Unknown command.
Unknown command.
Unknown command.
Unknown command.
You barely miss the three-headed hydra.
The three-headed hydra is severely wounded.
The three-headed hydra bites you but does no damage. x2
The three-headed hydra bites you.
* * * LOW HITPOINT WARNING * * *
Unknown command.
Unknown command.
Unknown command.
Unknown command.
Unknown command.
You hack one of the three-headed hydra's heads off!
The flame cauterises the wound!
You slash the two-headed hydra! You burn the two-headed hydra.
The two-headed hydra is almost dead.
The two-headed hydra bites you but does no damage.
The two-headed hydra bites you!
You die...

#......#....##.......
#........P#..........
#.........###........
##...........##.......
#............#........
#...........####......
#..........###.#..####
#.....D....# ##..###
##...@....## ##...P###
##......### ##........
#.####.## ###.........
### ### #...........
##...........
#............
##............
#.............
#.............


You could see a two-headed hydra.

Vanquished Creatures
  A hydra (D:9)
  A catoblepas (D:9)
  A centaur warrior (D:9)
  Erica (D:8)
  A two-headed ogre (D:9)
  5 death yaks
  A tengu warrior (D:9)
  An orc knight (Bailey)
  2 deep elf pyromancers
  A manticore (D:9)
  2 black mambas (Lair:2)
  3 cane toads
  Psyche (D:9)
  2 kobold demonologists (D:10)
  4 komodo dragons
  A polar bear (Lair:1)
  2 trolls
  5 blink frogs (Lair:2)
  A slime creature (D:9)
  3 wyverns
  2 shadows
  14 yaks
  Grum (D:8)
  2 steam dragons
  Menkaure (D:5)
  An acid dragon (D:9)
  3 water moccasins
  2 swamp worms (Lair:2)
  7 orc warriors
  An ice beast (D:6)
  2 black bears
  6 wolves
  4 ogres
  3 centaurs
  3 kobold brigands
  9 bullfrogs
  6 scorpions
  3 gnoll sergeants
  An elf skeleton (D:8)
  3 necrophages
  7 wights
  A killer bee (D:9)
  6 howler monkeys
  3 electric eels (D:9)
  A vampire bat (D:6)
  13 hounds
  2 jellies
  A gnoll bouda (D:5)
  7 orc priests
  A human zombie (D:8)
  4 iguanas
  3 human skeletons (D:8)
  8 orc wizards
  12 mummies (Ossuary)
  Robin (D:2)
  15 gnolls
  12 adders
  2 white imps
  3 ufetubi (D:5)
  5 worms
  3 dart slugs
  47 orcs
  4 endoplasms
  10 giant cockroaches
  18 goblins
  7 hobgoblins
  5 jackals
  10 quokkas
  12 ball pythons
  14 bats
  18 frilled lizards
  A gnoll skeleton (Ossuary)
  2 goblin skeletons (Ossuary)
  12 kobolds
  3 kobold skeletons (Ossuary)
  3 orc skeletons
  7 rats
  11 rat skeletons (Ossuary)
407 creatures vanquished.

Vanquished Creatures (others)
  12 fungi
  3 plants (Lair:1)
15 creatures vanquished.

Grand Total: 422 creatures vanquished

Notes
Turn   | Place    | Note
-------+----------+-------------------------------------------
     0 | D:1      | drugrobin the Demigod Gladiator began the quest for the
                  | Orb.
     0 | D:1      | Reached XP level 1. HP: 17/17 MP: 3/3
   109 | D:1      | Found Rathrov's Weapon Boutique.
   126 | D:1      | Reached skill level 3 in Axes
   234 | D:1      | Reached XP level 2. HP: 24/24 MP: 4/4
   584 | D:1      | Found Cegoyren's General Store.
   681 | D:1      | Bought a scroll of identify for 28 gold pieces
   717 | D:1      | Found Leasuke's Magic Scroll Emporium.
  1084 | D:2      | Reached skill level 4 in Axes
  1084 | D:2      | Reached XP level 3. HP: 29/29 MP: 5/5
  1424 | D:2      | Noticed Robin
  1561 | D:2      | Killed Robin
  1617 | D:2      | Reached XP level 4. HP: 36/36 MP: 6/6
  1824 | D:1      | Bought a potion of heal wounds for 70 gold pieces
  2298 | D:3      | Reached skill level 5 in Axes
  3398 | D:4      | Reached skill level 1 in Evocations
  3398 | D:4      | Reached XP level 5. HP: 24/41 MP: 7/7
  4102 | D:4      | Noticed an ogre
  4497 | D:4      | Killed an ogre
  4498 | D:4      | Reached skill level 6 in Axes
  4498 | D:4      | Reached XP level 6. HP: 46/48 MP: 8/8
  4978 | D:4      | Found a staircase to the Ecumenical Temple.
  5206 | D:5      | Entered Level 5 of the Dungeon
  5369 | D:5      | Reached skill level 7 in Axes
  5369 | D:5      | Reached XP level 7. HP: 40/53 MP: 9/9
  6224 | D:1      | Bought a scroll of enchant weapon for 90 gold pieces
  6224 | D:1      | Bought a scroll of identify for 24 gold pieces
  6228 | D:1      | Identified a scroll of acquirement
  6229 | D:1      | Acquired the +7 crystal plate armour "Miw Rodghu" {Slay+3}
  6509 | D:5      | Found Xefujery's Jewellery Boutique.
  6553 | D:5      | Noticed Menkaure
  6562 | D:5      | Killed Menkaure
  6563 | D:5      | Reached skill level 1 in Armour
  6709 | D:5      | Noticed a yak
  6716 | D:5      | Reached skill level 8 in Axes
  6730 | D:5      | Killed a yak
  6731 | D:5      | Reached XP level 8. HP: 42/60 MP: 10/10
  7048 | D:5      | Found Gozag's Platinum Reserve.
  7568 | D:6      | Found a transporter.
  7618 | D:6      | Found a one-way gate to the infinite horrors of the Abyss.
  7618 | D:6      | Noticed ICEMaiden's ghost (novice DEHW)
  7630 | D:6      | Found a transporter.
  7712 | D:6      | Reached skill level 9 in Axes
  8178 | D:6      | Found a glowing drain.
  8189 | Sewer    | Entered a sewer
  8372 | Sewer    | Reached XP level 9. HP: 55/70 MP: 11/11
  8729 | D:6      | Noticed a toenail golem
  8731 | D:6      | Noticed a toenail golem
  8814 | D:6      | Identified the +10 dagger of the World {vamp, Fragile rPois
                  | rCorr Str-3}
  9189 | D:7      | Found a flagged portal.
  9217 | Bailey   | Entered a bailey
  9393 | Bailey   | Noticed an orc knight
  9426 | Bailey   | Killed an orc knight
  9427 | Bailey   | Reached skill level 10 in Axes
  9641 | Bailey   | Found a large runed translucent door.
  9641 | Bailey   | Found a large runed translucent door.
  9642 | Bailey   | Noticed a deep elf pyromancer
  9686 | Bailey   | Killed a deep elf pyromancer
  9687 | Bailey   | Reached skill level 5 in Armour
  9784 | Bailey   | Identified the +1 chain mail "Tuadauwn" {Regen+ rCorr
                  | Dex-4}
  9991 | D:7      | Reached skill level 5 in Fighting
 10348 | D:8      | Noticed Grum
 10368 | D:8      | Killed Grum
 10521 | D:8      | Found a sand-covered staircase.
 10532 | Ossuary  | Entered an ossuary
 10738 | Ossuary  | Reached XP level 10. HP: 80/81 MP: 13/13
 10766 | Ossuary  | Reached skill level 11 in Axes
 12005 | D:8      | Noticed Erica
 12018 | D:8      | Killed Erica
 12257 | D:9      | Noticed a two-headed ogre
 12279 | D:9      | Killed a two-headed ogre
 12412 | D:9      | Reached skill level 12 in Axes
 12802 | D:9      | Acquired a +4 executioner's axe of venom
 12811 | D:9      | Noticed a seven-headed hydra
 13103 | D:9      | Noticed Psyche
 13111 | D:9      | Killed Psyche
 13112 | D:9      | Reached skill level 5 in Evocations
 13329 | D:9      | Got Enewyij's Compilation of Convocation
 13330 | D:9      | Noticed a catoblepas
 13351 | D:9      | Reached XP level 11. HP: 84/91 MP: 14/14
 13355 | D:9      | Killed a catoblepas
 13458 | D:9      | Noticed a tengu warrior
 13459 | D:9      | Noticed a centaur warrior
 13462 | D:9      | Killed a tengu warrior
 13465 | D:9      | Killed a centaur warrior
 13466 | D:9      | Noticed a deep elf pyromancer
 13468 | D:9      | Killed a deep elf pyromancer
 13960 | D:9      | Found a staircase to the Lair.
 13975 | D:9      | Killed a three-headed hydra
 14335 | D:10     | Entered Level 10 of the Dungeon
 14347 | D:10     | Reached skill level 13 in Axes
 15157 | D:10     | Found Efuupsof's Magic Scroll Shop.
 15165 | D:10     | Bought a scroll of teleportation for 36 gold pieces
 15165 | D:10     | Bought a scroll of fear for 48 gold pieces
 15165 | D:10     | Bought a scroll of fog for 48 gold pieces
 15404 | Lair:1   | Entered Level 1 of the Lair of Beasts
 15803 | Lair:1   | Noticed a death yak
 15818 | Lair:1   | Noticed a death yak
 15819 | Lair:1   | Killed a death yak
 15819 | Lair:1   | Noticed a death yak
 15819 | Lair:1   | Noticed a death yak
 15851 | D:9      | Killed a death yak
 16067 | Lair:1   | Noticed a death yak
 16070 | D:9      | Killed a death yak
 16134 | Lair:1   | Killed a death yak
 16135 | Lair:1   | Reached XP level 12. HP: 45/101 MP: 15/15
 17594 | Lair:2   | Reached skill level 14 in Axes
 18275 | Lair:2   | Noticed an eight-headed hydra
 18276 | Lair:2   | Noticed a seven-headed hydra
 18324 | Lair:1   | Slain by a two-headed hydra

Illustrated notes

Levels and vault maps discovered:
D:1:      minmay_arrival_stone_box, layout_basic, serial_shops, shop_fountains,
          nicolae_square_shop, nicolae_shop_waterfront,
          hellmonk_ecumenical_altar_heavens_door
D:2:      layout_loops_cross, uniq_robin
D:3:      layout_basic, elyvilon_altar_4, mainiacjoe_overflow_surrounded_room,
          nrook_loot_triangle
D:4:      layout_loops_ring, nicolae_sif_muna_condensation,
          minmay_temple_entry_nine_rooms
D:5:      minmay_chambers_of_fours, layout_loops_ring,
          mainiacjoe_overflow_catwalk, nicolae_gozag_zags_fifth_avenue,
          mainiacjoe_overflow_paths, serial_shops, shop, uniq_menkaure
D:6:      layout_loops_ring, mainiacjoe_overflow_24_doors,
          cheibrodos_sewer_entry_bend, gammafunk_ghost_abyssal_escape,
          roderic_batcave
D:7:      layout_loops_ring, kennysheep_little_box,
          fedhas_bush_and_centaur_altar, mainiacjoe_overflow_alcove_4,
          lemuel_doored_altar, enter_bailey_5
D:8:      layout_gridville, nicolae_ossuary_entry_catacombs, uniq_erica,
          uniq_grum
D:9:      minmay_the_grid_octo_triangle [minmay_the_grid_octo_clover_2,
          minmay_the_grid_octo_prize_single_spiral,
          minmay_the_grid_octo_concentric], layout_basic, erik_lair_island,
          kennysheep_cross_room, uniq_psyche
D:10:     layout_roguey, mainiacjoe_overflow_alcove_2, zin_treasury,
          special_room [special_room_orc], serial_shops, shop,
          kennysheep_crisscross
Lair:1:   layout_cave_pods
Lair:2:   layout_cellular_growth, palyth_hydra_swamp_entry, basic_altar,
          small_statue_intersection, dreamdust_mushroom_princess,
          infiniplex_staircase_pool, grunt_megastairs_5

Skill      XL: |  1  2  3  4  5  6  7  8  9 10 11 12 |
---------------+-------------------------------------+-----
Axes           | 3 4 5 6 7 8 9 10 12 13 14 | 14.1
Evocations     | 1 2 4 5 6 7 |  7.3
Armour         | 2 3 5 6 8 |  8.6
Fighting       | 3 5 6 8 |  8.6
Throwing       | |  1.7
Dodging        | |  2.6

Action                   |  1- 3 |  4- 6 |  7- 9 | 10-12 || total
-------------------------+-------+-------+-------+-------++-------
Melee: War axe           |   121 |   197 |   400 |   196 ||   914
       Punch             |     1 |       |     2 |     2 ||     5
       Executioner's axe |       |       |       |   195 ||   195
       Scimitar          |       |       |       |    11 ||    11
Throw: Javelin           |     2 |    11 |     6 |       ||    19
       Throwing net      |       |     3 |     3 |       ||     6
       Dart              |       |    13 |    16 |     7 ||    36
       Boomerang         |       |       |       |    49 ||    49
Evoke: Wand              |       |     2 |     6 |     7 ||    15
  Use: Scroll            |       |       |    15 |     9 ||    24
       Potion            |       |       |       |     3 ||     3
 Stab: Held in net/web   |       |     2 |     1 |       ||     3
       Paralysed         |       |     4 |     9 |     3 ||    16
Armor: Leather armour    |    38 |    38 |       |       ||    76
       Scale mail        |       |    31 |    46 |       ||    77
       Crystal plate arm |       |       |   379 |   395 ||   774
Dodge: Dodged            |    98 |   124 |   143 |   106 ||   471
Block: Buckler           |       |       |       |    26 ||    26

Table legend: (Time is in decaauts)
 A = Elapsed time spent in this place.
 B = Non-inter-level travel time spent in this place.
 C = Inter-level travel time spent in this place.
 D = Time resting spent in this place.
 E = Time spent auto-exploring this place.
 F = Levels seen in this place.
 G = Mean time per level.
                   A        B        C        D        E       F      G
               +--------+--------+--------+--------+--------+-----+--------+
         Total |  18600 |  17559 |   1041 |   3748 |   9220 |  15 | 1240.0 |
       Dungeon |  14378 |  13470 |    908 |   3055 |   7004 |  10 | 1437.8 |
          Lair |   2679 |   2547 |    132 |    505 |   1697 |   2 | 1339.5 |
         Sewer |    555 |    555 |      0 |      0 |    214 |   1 |  555.0 |
       Ossuary |    369 |    369 |      0 |     57 |    109 |   1 |  369.0 |
        Bailey |    618 |    618 |      0 |    131 |    196 |   1 |  618.0 |
               +--------+--------+--------+--------+--------+-----+--------+

Top non-repeatable levels by time:
     D:9: 2329 daAuts
     D:4: 2060 daAuts
  Lair:1: 2039 daAuts
     D:5: 1757 daAuts
     D:3: 1521 daAuts
     D:8: 1504 daAuts
     D:1: 1298 daAuts
    D:10: 1065 daAuts
     D:2: 1038 daAuts
     D:6: 907 daAuts
     D:7: 895 daAuts
  Lair:2: 639 daAuts
  Bailey: 618 daAuts
   Sewer: 555 daAuts
 Ossuary: 369 daAuts
